 Dungeon Crawl Stone Soup version 0.29-a0-234-g0dae59b3db (webtiles) character file.

Game seed: 12830977800001300417

3343 PaleWalker the Quickloader (level 10, -2/66 HPs)
             Began as a Kobold Hunter on Mar 4, 2022.
             Was a Believer of the Shining One.
             Killed from afar by an electric eel (9 damage)
             ... with a bolt of electricity
             ... in a bailey.
             The game lasted 00:33:01 (9801 turns).

PaleWalker the Quickloader (Kobold Hunter)          Turns: 9801, Time: 00:33:01

Health: -2/66      AC: 15    Str: 14    XL:     10   Next: 22%
Magic:  10/10      EV: 13    Int: 12    God:    the Shining One [**....]
Gold:   327        SH:  0    Dex: 16    Spells: 7/9 levels left

rFire   . . .      SeeInvis .   a - +3 hand crossbow
rCold   . . .      Faith    .   (no shield)
rNeg    + + .      Spirit   .   i - +5 scale mail of Conscience {Fly Will++}
rPois   .          Reflect  .   d - +0 helmet
rElec   .          Harm     .   (no cloak)
rCorr   .          Rampage  .   x - +0 pair of gloves
Will    ++...                   (no boots)
Stlth   +.........              (no amulet)
HPRegen 0.21/turn               o - ring of wizardry
MPRegen 0.12/turn               q - ring of positive energy

@: flying, glowing
A: small, no large weapons, nightstalker 3
a: Renounce Religion, Divine Shield


You were in a bailey.
You worshipped the Shining One.
The Shining One was pleased with you.
You visited 2 branches of the dungeon, and saw 8 of its levels.
You also visited: Bailey.

You collected 327 gold pieces.

Inventory:

Hand Weapons
 a - a +3 hand crossbow (weapon)
Missiles
 r - 7 poisoned darts
Armour
 b - a +0 leather armour
 d - a +0 helmet (worn)
 i - the +5 scale mail of Conscience (worn) {Fly Will++}
   (You found it on level 2 of the Dungeon)

   Fly:       It grants you flight.
   Will:      It greatly increases your willpower.
 k - a +2 robe of the Archmagi
 v - a +1 plate armour of willpower
 x - a +0 pair of gloves (worn)
Jewellery
 o - a ring of wizardry (left hand)
 q - a ring of positive energy (right hand)
 y - a +6 ring of intelligence
Wands
 D - a wand of acid (3)
Scrolls
 c - a scroll of silence {unknown}
 e - 3 scrolls of teleportation
 f - 2 scrolls of magic mapping
 g - a scroll of holy word {unknown}
 j - a scroll of torment {unknown}
 l - a scroll of blinking
 m - 2 scrolls of amnesia {unknown}
 p - a scroll of fog {unknown}
 t - a scroll of enchant armour {unknown}
 A - a scroll of identify {unknown}
Potions
 n - a potion of invisibility {unknown}
 s - 3 potions of flight {unknown}
 u - a potion of cancellation {unknown}
 w - 2 potions of attraction {unknown}
 B - a potion of haste {unknown}
 C - a potion of mutation {unknown}


   Skills:
 + Level 9.1 Fighting
 - Level 10.3 Crossbows
 - Level 7.0 Armour
 - Level 3.9 Dodging
 - Level 2.4 Stealth


You had 7 spell levels left.
You knew the following spells:

 Your Spells              Type           Power      Damage    Failure   Level
a - Poisonous Vapours     Pois/Air       0%         N/A       54%         2

Your spell library contained the following spells:

 Spells                   Type           Power      Damage    Failure   Level
 Animate Skeleton         Necr           0%         N/A       41%         1
 Pain                     Necr           0%         1d4       41%         1
 Corpse Rot               Necr/Air       0%         N/A       54%         2
 Vampiric Draining        Necr           0%         2d6       77%         3


Dungeon Overview and Level Annotations

Branches:
Dungeon (7/15)             Temple (1/1) D:6          Bailey (1/1)

Altars:
Ashenzari
Cheibriados
Dithmenos
Elyvilon
Gozag
Hepliaklqana
Kikubaaqudgha
Nemelex Xobeh
Okawaru
Qazlal
Ru
Trog
Uskayaw
Vehumet
Wu Jian
Xom
Yredelemnul
Zin
The Shining One

Annotations:
D:6 1 runed translucent door, ReploidZero's ghost, novice VSFi


Innate Abilities, Weirdness & Mutations

You are small and have problems with some larger weapons.
You are completely attuned to the shadows.


Message History

Item here: a triple sword.
The floor.
This square is lit by a halo.
The shadow imp shouts, "Remove thy stench, thou hateful weeb-spouting dewberry!"
You hear a shout!
You see here a +0 triple sword.
The shadow imp disappears in a puff of smoke!
You see here a +0 dire flail of protection.
As you read the scroll of teleportation, it crumbles to dust.
You feel strangely unstable.
Shoot: a) +3 hand crossbow
Press: ? - help, Q - select action, (/) - cycle Shift-Dir - straight line, f - iron imp
Aim: an iron imp (summoned, haloed, 90% to hit)
You shoot a bolt. The bolt hits the iron imp.
The iron imp is moderately wounded.
The iron imp closely misses you.
Shoot: a) +3 hand crossbow
Press: ? - help, Q - select action, (/) - cycle Shift-Dir - straight line, f/p - iron imp
Aim: an iron imp (moderately wounded, summoned, haloed, 90% to hit)
You shoot a bolt. The bolt hits the iron imp.
The iron imp is severely wounded.
Your surroundings suddenly seem different.
An electric eel comes into view.
The electric eel shoots out a bolt of lightning at you!
The bolt of electricity hits you!
An electric eel comes into view.
The electric eel shoots out a bolt of lightning at you!
The bolt of electricity hits you!
The electric eel shoots out a bolt of lightning at you!
The bolt of electricity hits you!
* * * LOW HITPOINT WARNING * * *
The electric eel shoots out a bolt of lightning at you!
The bolt of electricity hits you!
* * * LOW HITPOINT WARNING * * *
An orc warrior comes into view. It is wielding a +0 war axe.
The orc warrior shouts!
An orc comes into view. It is wielding a +0 hand axe.
The electric eel shoots out a bolt of lightning at you!
The bolt of electricity hits you!
You die...

≈≈≈≈≈≈≈≈.#).#...........#
≈≈≈≈≈≈≈.#.8#...........
≈≈≈≈≈≈.# #....._.....
≈≈≈≈≈.# #K4.........
≈≈≈S.# #5####'####'
≈≈≈≈.# #...#...# [[
≈≈≈≈.# #!?.#...# [#
≈≈≈≈.# ###5#8.8# # ≈≈≈≈@#
#...#...# # ≈≈≈#o#
#'###8.8### # ≈≈≈#o.
#)5.#...#...# ≈≈ #...
#)5.#...#...#
###..######.######
...o..K5....)
##≈≈≈≈≈)oK5≈≈#
≈≈≈≈≈≈≈5≈4≈≈≈
≈≈≈≈≈≈≈≈≈≈≈≈≈


You could see an orc warrior, an electric eel and an orc.

Vanquished Creatures
  A kobold demonologist (D:5)
  Grinder (D:6)
  2 water moccasins
  5 orc warriors (Bailey)
  2 sky beasts
  An ice beast (D:6)
  3 ogres
  A black bear (D:5)
  5 centaurs (D:5)
  A phantom (D:6)
  4 necrophages
  A bullfrog (D:6)
  A scorpion (D:6)
  3 wights (D:6)
  A howler monkey (D:3)
  A jelly (D:6)
  A gnoll shaman (D:4)
  2 hounds
  Jessica (D:2)
  7 iguanas
  Terence (D:1)
  Robin (D:2)
  6 gnolls
  4 adders
  An ufetubus (D:5)
  A worm (D:3)
  2 dart slugs (D:3)
  6 orcs
  7 ball pythons
  5 bats
  3 endoplasms
  2 giant cockroaches
  20 goblins
  11 hobgoblins
  2 jackals (D:1)
  3 kobolds
  5 quokkas
  4 frilled lizards (D:1)
  A rat (D:1)
  A spectral goblin (D:1)
130 creatures vanquished.

Vanquished Creatures (others)
  An orc (D:4)
  A bush (D:5)
2 creatures vanquished.

Grand Total: 132 creatures vanquished

Notes
Turn   | Place    | Note
-------+----------+-------------------------------------------
     0 | D:1      | PaleWalker the Kobold Hunter began the quest for the Orb.
     0 | D:1      | Reached XP level 1. HP: 12/12 MP: 1/1
   214 | D:1      | Reached XP level 2. HP: 17/17 MP: 2/2
   261 | D:1      | Found a faded altar of an unknown god.
   271 | D:1      | Prayed at the altar of an unknown god.
   271 | D:1      | Became a worshipper of the Shining One
   271 | D:1      | Reached * piety under the Shining One
   815 | D:1      | Reached skill level 6 in Crossbows
   960 | D:2      | Identified the +5 scale mail of Conscience {Fly Will++}
  1051 | D:2      | Reached XP level 3. HP: 21/21 MP: 3/3
  1076 | D:2      | Noticed Terence
  1637 | D:2      | Noticed Robin
  1658 | D:2      | Killed Robin
  1828 | D:2      | Noticed Jessica
  1894 | D:2      | Reached XP level 4. HP: 26/26 MP: 4/4
  1903 | D:2      | Reached skill level 1 in Armour
  1980 | D:2      | Killed Jessica
  1981 | D:2      | Reached skill level 7 in Crossbows
  1991 | D:2      | Reached XP level 5. HP: 19/30 MP: 5/5
  2980 | D:3      | Found a broken altar of Ashenzari.
  2995 | D:3      | Found an ancient bone altar of Kikubaaqudgha.
  3198 | D:3      | Learned a level 2 spell: Poisonous Vapours
  3601 | D:1      | HP: 1/30 [Terence/+2 flail of protection (2)]
  3816 | D:1      | Killed Terence
  3908 | D:4      | Reached skill level 8 in Crossbows
  3908 | D:4      | Reached XP level 6. HP: 35/35 MP: 6/6
  3925 | D:4      | Noticed an ogre
  4232 | D:4      | Noticed an ogre
  4324 | D:4      | Killed an ogre
  4878 | D:4      | Found a stormy altar of Qazlal.
  4962 | D:4      | Reached XP level 7. HP: 38/40 MP: 7/7
  5010 | D:4      | Reached skill level 9 in Crossbows
  5416 | D:5      | Entered Level 5 of the Dungeon
  5878 | D:5      | Reached skill level 10 in Crossbows
  5904 | D:5      | Reached XP level 8. HP: 44/44 MP: 8/8
  5967 | D:5      | Noticed a kobold demonologist
  5973 | D:5      | Noticed a hellwing
  5986 | D:5      | Noticed an ice devil
  5986 | D:5      | Killed a kobold demonologist
  6186 | D:5      | Reached skill level 5 in Fighting
  6343 | D:5      | Reached XP level 9. HP: 45/54 MP: 9/9
  6619 | D:5      | Reached skill level 5 in Armour
  7599 | D:6      | Found a runed translucent door.
  7600 | D:6      | Noticed a cyclops
  7601 | D:6      | Noticed ReploidZero's ghost (novice VSFi)
  7763 | D:6      | Reached ** piety under the Shining One
  7835 | D:6      | Found a staircase to the Ecumenical Temple.
  7843 | Temple   | Entered the Ecumenical Temple
  8121 | D:6      | Noticed Grinder
  8141 | D:6      | Killed Grinder
  8726 | D:7      | Reached XP level 10. HP: 21/64 MP: 10/10
  9028 | D:7      | Found a flagged portal.
  9040 | Bailey   | Entered a bailey
  9722 | Bailey   | Found an iron altar of Okawaru.
  9723 | Bailey   | Noticed a kobold demonologist
  9742 | Bailey   | Noticed a kobold demonologist
  9745 | Bailey   | Noticed a rust devil
  9774 | Bailey   | Noticed an ice devil
  9801 | Bailey   | Killed from afar by an electric eel

Illustrated notes

Levels and vault maps discovered:
D:1:      lightli_arrival_boilingwater, layout_basic,
          dreamdust_ecumenical_altar_drowned_temple, minmay_pentomino_w2
D:2:      layout_basic, uniq_robin, uniq_terence, uniq_jessica
D:3:      layout_basic, grunt_temple_overflow_open, serial_aquarium,
          aquarium_bridge_square [aquarium_subvault_wall,
          aquarium_subvault_bridge, aquarium_subvault_bridge,
          aquarium_subvault_wall], aquarium_window_fake, aquarium_window_fake,
          aquarium_window_fake, aquarium_view_2d, aquarium_view_2c,
          aquarium_pool_corner, fountainhead
D:4:      layout_rooms, grunt_qazlal_clouds
D:5:      layout_basic, kb_lookout_dungeons_type
D:6:      layout_rooms, minmay_temple_entry_stoned_glass,
          ebering_ghost_inner_flame, corexii_leaking_fountain,
          solitary_fountain, uniq_grinder
D:7:      layout_loops_corners, enter_bailey_2, uniq_crazy_yiuf_cottage
Temple:   nicolae_temple_elliptical
Bailey:   bailey_axe_of_yendor_kennysheep, bailey

Skill      XL: |  1  2  3  4  5  6  7  8  9 10 |
---------------+-------------------------------+-----
Stealth        | 2 |  2.4
Crossbows      | 6 7 8 10 | 10.3
Armour         | 1 2 3 4 7 |  7.0
Fighting       | 5 7 9 |  9.1
Dodging        | 3 |  3.9

Action                   |  1- 3 |  4- 6 |  7- 9 | 10-12 || total
-------------------------+-------+-------+-------+-------++-------
 Fire: Hand crossbow     |    75 |   120 |   305 |   100 ||   600
Throw: Dart              |       |     5 |     2 |       ||     7
       Throwing net      |       |       |     1 |       ||     1
Invok: Divine Shield     |       |     2 |     3 |       ||     5
  Use: Potion            |     2 |       |     1 |     1 ||     4
       Scroll            |       |     1 |     1 |     5 ||     7
Armor: Leather armour    |     1 |       |       |       ||     1
       Scale mail        |     9 |    43 |   169 |    17 ||   238
Dodge: Dodged            |    21 |    67 |   185 |    29 ||   302
Block: Other             |       |     1 |    25 |       ||    26

Table legend: (Time is in decaauts)
 A = Elapsed time spent in this place.
 B = Non-inter-level travel time spent in this place.
 C = Inter-level travel time spent in this place.
 D = Time resting spent in this place.
 E = Time spent auto-exploring this place.
 F = Levels seen in this place.
 G = Mean time per level.
                   A        B        C        D        E       F      G
               +--------+--------+--------+--------+--------+-----+--------+
         Total |   9993 |   9606 |    387 |   1509 |   5882 |   9 | 1110.3 |
       Dungeon |   8941 |   8590 |    351 |   1188 |   5549 |   7 | 1277.3 |
        Temple |    271 |    235 |     36 |      0 |    218 |   1 |  271.0 |
        Bailey |    780 |    780 |      0 |    321 |    115 |   1 |  780.0 |
               +--------+--------+--------+--------+--------+-----+--------+

Top non-repeatable levels by time:
     D:5: 1770 daAuts
     D:2: 1489 daAuts
     D:4: 1463 daAuts
     D:3: 1430 daAuts
     D:1: 1416 daAuts
     D:6: 1020 daAuts
  Bailey: 780 daAuts
     D:7: 350 daAuts
  Temple: 271 daAuts
